 Dungeon Crawl Stone Soup version 0.27.0-1-g7a089689b8 (webtiles) character file.

Game seed: 5732465152844829489

258 bearlyready the Ducker (level 6, -2/53 HPs)
             Began as a Gnoll Monk on Aug 16, 2021.
             Slain by an ogre (24 damage)
             ... on level 5 of the Dungeon.
             The game lasted 00:08:32 (3316 turns).

bearlyready the Ducker (Gnoll Monk)                 Turns: 3316, Time: 00:08:33

Health: -2/53      AC: 11    Str: 12    XL:     6   Next: 16%
Magic:  8/8        EV:  4    Int: 10    God:
Gold:   152        SH:  5    Dex: 14    Spells: 8/8 levels left

rFire    . . .     SeeInvis .   o - +0 flail
rCold    . . .     Faith    .   (no shield)
rNeg     . . .     Spirit   .   r - +0 plate armour
rPois    .         Reflect  +   (no helmet)
rElec    .         Harm     .   (no cloak)
rCorr    .         Rampage  .   j - +0 pair of gloves
Will     +....                  (no boots)
Stlth    ..........             i - amulet of reflection
HPRegen  0.17/turn              m - ring of willpower
MPRegen  0.11/turn              (no ring)

@: no status effects
A: fangs 1, strong nose, distributed training
a: no special abilities


You were on level 5 of the Dungeon.
You visited 1 branch of the dungeon, and saw 5 of its levels.

You collected 152 gold pieces.

Inventory:

Hand Weapons
 a - a +0 mace
 o - a +0 flail (weapon)
Missiles
 c - 88 stones (quivered)
 e - 7 poisoned darts
Armour
 b - a +0 robe
 f - a +0 ring mail
 j - a +0 pair of gloves (worn)
 r - a +0 plate armour (worn)
Jewellery
 i - an amulet of reflection (around neck)
 m - a ring of willpower (left hand)
 n - a ring of wizardry
Scrolls
 d - a scroll of enchant armour {unknown}
 k - 3 scrolls of identify {unknown}
Potions
 g - a potion of resistance {unknown}
 h - a potion of brilliance {unknown}
 l - a potion of berserk rage


   Skills:
 + Level 6.8 Fighting
 + Level 1.8 Short Blades
 + Level 1.8 Long Blades
 + Level 1.8 Axes
 + Level 6.8 Maces & Flails
 + Level 1.8 Polearms
 + Level 1.8 Staves
 + Level 1.8 Slings
 + Level 1.8 Bows
 + Level 1.8 Crossbows
 + Level 1.8 Throwing
 + Level 1.8 Armour
 + Level 6.8 Dodging
 + Level 4.5 Stealth
 + Level 1.8 Shields
 + Level 1.8 Unarmed Combat
 + Level 1.8 Spellcasting
 + Level 1.4 Conjurations
 + Level 1.4 Hexes
 + Level 1.4 Summonings
 + Level 1.4 Necromancy
 + Level 1.4 Translocations
 + Level 1.4 Transmutations
 + Level 1.4 Fire Magic
 + Level 1.4 Ice Magic
 + Level 1.4 Air Magic
 + Level 1.4 Earth Magic
 + Level 1.4 Poison Magic
 + Level 2.0 Invocations
 + Level 1.8 Evocations


You had 8 spell levels left.
You didn't know any spells.
Your spell library contained the following spells:

 Spells                   Type           Power      Damage    Failure   Level
 Gell's Gravitas          Tloc           1%         N/A       100%        3
 Lesser Beckoning         Tloc           1%         N/A       100%        3
 Teleport Other           Tloc           3%         N/A       100%        3


Dungeon Overview and Level Annotations

Branches:
Dungeon (5/15)
 Temple: D:4-7

Altars:
Zin

Shops:
D:1 (


Innate Abilities, Weirdness & Mutations

You have very sharp teeth.
Your uncanny sense of smell can sniff out nearby items.
Your experience applies equally to all skills.


Message History

You hit the killer bee zombie but do no damage.
The killer bee zombie is lightly damaged.
The killer bee zombie hits you but does no damage. x2
You hit the killer bee zombie.
The killer bee zombie is moderately damaged.
The killer bee zombie barely misses you.
The killer bee zombie hits you but does no damage.
Your plate armour prevents you from hitting the killer bee zombie.
The killer bee zombie is moderately damaged.
The killer bee zombie closely misses you.
The killer bee zombie hits you but does no damage.
You thump the killer bee zombie!
The killer bee zombie is severely damaged.
The killer bee zombie hits you.
The killer bee zombie hits you but does no damage.
You completely miss the killer bee zombie.
The killer bee zombie is severely damaged.
The killer bee zombie hits you.
The killer bee zombie hits you but does no damage.
Your plate armour prevents you from hitting the killer bee zombie.
The killer bee zombie is severely damaged.
The killer bee zombie hits you.
You sock the killer bee zombie!
You destroy the killer bee zombie!
An ogre comes into view. It is wielding a +0 giant spiked club.
The ogre shouts!
An ogre is nearby!
Throw: 89 stones
Press: ? - help, Q - select action, (/) - cycle Shift-Dir - straight line, f - ogre
Aim: an ogre, wielding a +0 giant spiked club (73% to hit)
You throw a stone. The stone hits the ogre.
The ogre is lightly wounded.
You hit the ogre.
The ogre is lightly wounded.
The ogre hits you with a +0 giant spiked club!!
Ouch! That really hurt!
You hit the ogre.
The ogre is moderately wounded.
The ogre hits you with a +0 giant spiked club!!
You die...

#..#
##.# ∆
#.##
#..#
#..#
##)##
#..#
#..##
#.@.#
##O(#
#.(.#
#...#
#..|#
#....
##...#
....


You could see an ogre.

Vanquished Creatures
  A phantom (D:1)
  2 hounds
  A killer bee zombie (D:5)
  2 adders (D:3)
  3 worms
  2 dart slugs (D:2)
  3 orcs (D:4)
  4 ball pythons
  6 bats
  4 endoplasms
  6 giant cockroaches
  8 goblins
  11 hobgoblins
  2 jackals (D:4)
  2 kobolds
  3 quokkas
  4 frilled lizards
  2 rats
66 creatures vanquished.

Vanquished Creatures (collateral kills)
  An orc (D:4)
1 creature vanquished.

Vanquished Creatures (others)
  An orc (D:4)
  A ball python (D:4)
2 creatures vanquished.

Grand Total: 69 creatures vanquished

Notes
Turn   | Place    | Note
-------+----------+-------------------------------------------
     0 | D:1      | bearlyready the Gnoll Monk began the quest for the Orb.
     0 | D:1      | Reached XP level 1. HP: 23/23 MP: 1/1
   146 | D:1      | Reached XP level 2. HP: 29/29 MP: 2/2
   215 | D:1      | Found a faded altar of an unknown god.
   448 | D:1      | Found Bitol's Weapon Boutique.
   626 | D:1      | Reached XP level 3. HP: 32/35 MP: 3/3
   972 | D:2      | Reached skill level 1 in Invocations
  1008 | D:2      | You fall into a shaft and drop 1 floor!
  1353 | D:2      | Reached skill level 1 in Short Blades
  1353 | D:2      | Reached skill level 1 in Long Blades
  1353 | D:2      | Reached skill level 1 in Axes
  1353 | D:2      | Reached skill level 1 in Polearms
  1353 | D:2      | Reached skill level 1 in Staves
  1353 | D:2      | Reached skill level 1 in Slings
  1353 | D:2      | Reached skill level 1 in Bows
  1353 | D:2      | Reached skill level 1 in Crossbows
  1353 | D:2      | Reached skill level 1 in Throwing
  1353 | D:2      | Reached skill level 1 in Armour
  1353 | D:2      | Reached skill level 1 in Shields
  1353 | D:2      | Reached skill level 1 in Unarmed Combat
  1353 | D:2      | Reached skill level 1 in Spellcasting
  1353 | D:2      | Reached skill level 1 in Evocations
  1470 | D:2      | Reached XP level 4. HP: 40/41 MP: 5/5
  1732 | D:2      | You fall into a shaft and drop 1 floor!
  1733 | D:3      | Noticed a phantom
  1784 | D:3      | Found a glowing silver altar of Zin.
  1882 | D:1      | Killed a phantom
  1883 | D:1      | Reached skill level 1 in Conjurations
  1883 | D:1      | Reached skill level 1 in Hexes
  1883 | D:1      | Reached skill level 1 in Summonings
  1883 | D:1      | Reached skill level 1 in Necromancy
  1883 | D:1      | Reached skill level 1 in Translocations
  1883 | D:1      | Reached skill level 1 in Transmutations
  1883 | D:1      | Reached skill level 1 in Fire Magic
  1883 | D:1      | Reached skill level 1 in Ice Magic
  1883 | D:1      | Reached skill level 1 in Air Magic
  1883 | D:1      | Reached skill level 1 in Earth Magic
  1883 | D:1      | Reached skill level 1 in Poison Magic
  1883 | D:1      | Reached XP level 5. HP: 18/47 MP: 5/7
  2698 | D:4      | Noticed a two-headed ogre
  2767 | D:4      | Reached XP level 6. HP: 16/53 MP: 8/8
  3280 | D:5      | Entered Level 5 of the Dungeon
  3316 | D:5      | Slain by an ogre

Illustrated notes

Levels and vault maps discovered:
D:1:      zaba_arrival_water, layout_loops_ring,
          shapermc_ecumenical_altar_mp_ritualfount, serial_shops, shop
D:2:      layout_basic, minmay_pentomino_v4
D:3:      layout_loops_ring, mainiacjoe_overflow_catwalk,
          kennysheep_generic_room_7
D:4:      layout_basic, kennysheep_mini_moat, minmay_fountain_box,
          lemuel_another_geyser
D:5:      layout_cave_pods

Skill      XL: |  1  2  3  4  5 |
---------------+----------------+-----
Invocations    | 1 2 |  2.0
Short Blades   | 1 |  1.8
Long Blades    | 1 |  1.8
Axes           | 1 |  1.8
Polearms       | 1 |  1.8
Staves         | 1 |  1.8
Slings         | 1 |  1.8
Bows           | 1 |  1.8
Crossbows      | 1 |  1.8
Throwing       | 1 |  1.8
Armour         | 1 |  1.8
Shields        | 1 |  1.8
Unarmed Combat | 1 |  1.8
Spellcasting   | 1 |  1.8
Evocations     | 1 |  1.8
Conjurations   | 1 |  1.4
Hexes          | 1 |  1.4
Summonings     | 1 |  1.4
Necromancy     | 1 |  1.4
Translocations | 1 |  1.4
Transmutations | 1 |  1.4
Fire Magic     | 1 |  1.4
Ice Magic      | 1 |  1.4
Air Magic      | 1 |  1.4
Earth Magic    | 1 |  1.4
Poison Magic   | 1 |  1.4
Fighting       | |  6.8
Maces & Flails | |  6.8
Dodging        | |  6.8
Stealth        | |  4.5

Action                   |  1- 3 |  4- 6 || total
-------------------------+-------+-------++-------
Melee: Mace              |   102 |   130 ||   232
       Bite              |     9 |     5 ||    14
       Punch             |       |     2 ||     2
       Flail             |       |    15 ||    15
Throw: Dart              |       |    10 ||    10
       Stone             |       |     2 ||     2
  Use: Scroll            |       |     4 ||     4
       Potion            |       |     1 ||     1
 Stab: Sleeping          |     4 |     3 ||     7
Armor: Ring mail         |    26 |    31 ||    57
       Plate armour      |       |    15 ||    15
Dodge: Dodged            |    63 |    86 ||   149
Block: Other             |       |    28 ||    28
